 Dungeon Crawl Stone Soup version 0.23-a0-436-g57debff (webtiles) character file.

791 Inarius the Covered (level 7, 0/60 HPs)
             Began as a Ghoul Fighter on Nov 16, 2018.
             Slain by a bullfrog (4 damage)
             ... on level 6 of the Dungeon.
             The game lasted 00:12:24 (4780 turns).

Inarius the Covered (Ghoul Fighter)                 Turns: 4780, Time: 00:12:25

Health: 0/60       AC: 11    Str: 27    XL:     7   Next: 88%
Magic:  0/6        EV:  2    Int:  5    God:
Gold:   19         SH:  0    Dex: -23 (8) Spells: 6/6 levels left

rFire    . . .     SeeInvis +   a - +0 war axe
rCold    + . .     Gourm    .   c - +0 shield
rNeg     + + +     Faith    .   d - +0 chain mail "Put-Me-On" {+Blink Str+7 Stlth-} (curse)
rPois    ∞         Spirit   +   B - +0 helmet
rElec    .         Reflect  .   (no cloak)
rCorr    .         Harm     .   (no gloves)
MR       +....                  (no boots)
Stlth    ..........             o - amulet of guardian spirit
HPRegen  0.00/turn              k - ring of see invisible
MPRegen  0.10/turn              y - ring of protection from magic

@: rotting, slowed, lost dexterity, very slow
A: rotting body, claws 1, carnivore, cold resistance 1, negative energy
resistance 3, inhibited regeneration, torment resistance, unbreathing
a: Evoke Blink


You were on level 6 of the Dungeon.
You were not hungry.

You visited 1 branch of the dungeon, and saw 6 of its levels.

You collected 209 gold pieces.
You spent 190 gold pieces at shops.

Inventory:

Hand Weapons
 a - a +0 war axe (weapon)
 i - a +2 dagger of draining
Armour
 c - a +0 shield (worn)
 d - the cursed +0 chain mail "Put-Me-On" (worn) {+Blink Str+7 Stlth-}
   (You bought it in a shop on level 5 of the Dungeon)

   It affects your strength (+7).
   It lets you blink.
   It makes you less stealthy.
   It has a curse placed upon it.
 B - a +0 helmet (worn)
Jewellery
 k - a ring of see invisible (left claw)
 o - an amulet of guardian spirit (around neck)
 w - an uncursed amulet of faith
 y - a ring of protection from magic (right claw)
Scrolls
 g - 4 scrolls of identify
 h - 2 scrolls of teleportation
 l - a scroll of amnesia {unknown}
 m - a scroll of magic mapping {unknown}
 n - a scroll of immolation {unknown}
 p - a scroll of remove curse {unknown}
 r - a scroll of blinking {unknown}
 u - 2 scrolls of enchant armour {unknown}
 v - a scroll of fog {unknown}
 x - a scroll of noise
Potions
 j - a potion of flight
Comestibles
 f - 8 rations


   Skills:
 + Level 4.4 Fighting
 + Level 4.7 Axes
 + Level 0.3 Throwing
 + Level 5.0 Armour
 + Level 1.9 Dodging
 + Level 0.1 Stealth
 + Level 4.1 Shields


You had 6 spell levels left.
You didn't know any spells.
Your spell library was empty.

Dungeon Overview and Level Annotations

Branches:
Dungeon (6/15)
 Temple: D:4-7

Altars:
Dithmenos
Kikubaaqudgha

Shops:
D:5 [


Innate Abilities, Weirdness & Mutations

Your body is rotting away.
You thrive on raw meat.
You are immune to poison.
You have sharp fingernails.
You are carnivorous and can eat meat at any time.
Your flesh is cold resistant. (rC+)
You are immune to negative energy. (rN+++)
You do not regenerate when monsters are visible.
You are immune to unholy pain and torment.
You can survive without breathing.


Message History

* * * LOW HITPOINT WARNING * * *
Your shield and chain mail "Put-Me-On" prevent you from hitting the bullfrog.
The bullfrog is heavily wounded.
The bullfrog hits you but does no damage.
The bullfrog hits you.
* * * LOW HITPOINT WARNING * * *
The bullfrog hits you but does no damage.
Unknown command.
You completely miss the bullfrog.
The bullfrog is heavily wounded.
The bullfrog hits you but does no damage.
The bullfrog hits you.
* * * LOW HITPOINT WARNING * * *
The bullfrog hits you.
* * * LOW HITPOINT WARNING * * *
You barely miss the bullfrog.
The bullfrog is heavily wounded.
The bullfrog hits you but does no damage. x2
The bullfrog hits you.
You die...

#.#######.#
########.#####
#.#
.......<[....#
#.#
..######.###.#
#.#
#.###.###.#
##..)......#
#..(÷(....##
#.##.#.#..# #.
#.#.#.@# #.
#.#.#.F# #.
#...#..# #.
...##..# #.
.......#
........ ....#
.#####


You could see a bullfrog.

Vanquished Creatures
  3 centaurs
  2 phantoms
  A howler monkey (D:6)
  A crimson imp (D:6)
  A hound (D:5)
  A jelly (D:2)
  An orc priest (D:5)
  A bullfrog skeleton (D:5)
  A hound skeleton (D:4)
  A worker ant zombie (D:5)
  5 adders
  An ooze (D:5)
  An adder skeleton (D:5)
  2 worms (D:2)
  2 dart slugs (D:2)
  6 leopard geckos
  7 orcs
  4 ball pythons
  2 giant cockroaches (D:1)
  5 goblins
  5 hobgoblins
  13 jackals
  10 kobolds
  A quokka (D:3)
  9 bats
  4 frilled lizards
  14 rats
104 creatures vanquished.

Notes
Turn   | Place    | Note
-------+----------+-------------------------------------------
     0 | D:1      | Inarius the Ghoul Fighter began the quest for the Orb.
     0 | D:1      | Reached XP level 1. HP: 19/19 MP: 0/0
    29 | D:1      | Reached XP level 2. HP: 18/26 MP: 1/1
   441 | D:1      | Reached skill level 3 in Armour
   489 | D:1      | Reached XP level 3. HP: 24/31 MP: 2/2
   759 | D:2      | Reached XP level 4. HP: 18/40 MP: 3/3
  1118 | D:2      | Found an ancient bone altar of Kikubaaqudgha.
  1825 | D:3      | Reached XP level 5. HP: 42/46 MP: 4/4
  2730 | D:4      | Found a shadowy altar of Dithmenos.
  3245 | D:4      | Noticed a phantom
  3268 | D:4      | Killed a phantom
  3268 | D:4      | Reached XP level 6. HP: 20/52 MP: 3/5
  3336 | D:5      | Entered Level 5 of the Dungeon
  3914 | D:5      | Reached skill level 4 in Armour
  3914 | D:5      | Reached skill level 1 in Dodging
  3914 | D:5      | Reached XP level 7. HP: 28/58 MP: 2/6
  3987 | D:5      | Lost dexterity.
  4002 | D:5      | HP: 2/59 [jackal (1)]
  4005 | D:5      | Found Puepaent's Antique Armour Shoppe.
  4223 | D:5      | Bought a slimy chain mail for 190 gold pieces
  4235 | D:5      | Identified the cursed +0 chain mail "Put-Me-On" {+Blink
                  | Str+7 Stlth-} (You bought it in a shop on level 5 of the
                  | Dungeon)
  4360 | D:5      | HP: 2/59 [quasit (1)]
  4662 | D:6      | Reached skill level 5 in Armour
  4780 | D:6      | Slain by a bullfrog

Vault maps used:
D:1:      dpeg_arrival_pond
D:2:      overflow_temple_1_default, first_ration, due_unseen_surprise
D:3:      serial_co_window_serial, co_window_paths_a, co_window_paths_a,
          co_window_paths_a, co_window_paths_a, co_window_paths_a,
          co_window_2corner, co_window_corner_b, co_window_of_opportunity_c,
          co_window_cross_4, co_window_of_opportunity_c, co_window_2corner,
          co_window_4corner_a, glass_columns_a, guppyfry_early_lair_pool
D:4:      lemuel_doored_altar, minmay_misc_feat_rugged
D:5:      nicolae_overflow_hidden_temple, serial_shops, shop
D:6:      lemuel_coloured_pillars_altar, slow_altar_2

Skill      XL: |  1  2  3  4  5  6  7 |
---------------+----------------------+-----
Axes           | 2 3 4 |  4.7
Shields        | 3 4 |  4.1
Armour         | 3 4 5 |  5.0
Fighting       | 4 |  4.4
Dodging        | 1 |  1.9
Throwing       | |  0.3
Stealth        | |  0.1

Action                   |  1- 3 |  4- 6 |  7- 9 || total
-------------------------+-------+-------+-------++-------
Melee: War axe           |    93 |   262 |   151 ||   506
Throw: Javelin           |       |     2 |     7 ||     9
  Use: Potion            |       |     1 |     5 ||     6
       Scroll            |       |       |     5 ||     5
  Eat: Chunk             |    18 |    40 |    12 ||    70
Armor: Scale mail        |    42 |   125 |   147 ||   314
       Chain mail        |       |       |   375 ||   375
Dodge: Dodged            |    46 |    85 |    88 ||   219
Block: Shield            |    56 |   156 |    39 ||   251

Table legend:
 A = Non-vault XP
 B = Vault XP
 C = Vault XP percentage of total XP
 D = Non-vault monster count
 E = Vault monster count
 F = Vault count percentage of total count
                 A         B        C        D         E       F
            +---------+---------+-------+---------+---------+-------
      Total |    1131 |       0 |   0.0 |     104 |       0 |   0.0
            +---------+---------+-------+---------+---------+-------
        D:1 |      42 |       0 |   0.0 |      26 |       0 |   0.0
        D:2 |      99 |       0 |   0.0 |      22 |       0 |   0.0
        D:3 |      52 |       0 |   0.0 |      22 |       0 |   0.0
        D:4 |     196 |       0 |   0.0 |      14 |       0 |   0.0
        D:5 |     528 |       0 |   0.0 |      17 |       0 |   0.0
        D:6 |     214 |       0 |   0.0 |       3 |       0 |   0.0
            +---------+---------+-------+---------+---------+-------
